 Dungeon Crawl Stone Soup version 0.28-a0-48-gfd831c5874 (webtiles) character file.

Game seed: 4123654640172507881

16584 flotson the Fighter (level 12, -3/94 HPs)
             Began as a Demonspawn Delver on July 29, 2021.
             Was an Initiate of Gozag.
             Slain by a reaper (4 damage)
             ... in an ice cave.
             The game lasted 00:43:42 (24658 turns).

flotson the Fighter (Demonspawn Delver)            Turns: 24658, Time: 00:43:44

Health: -3/94      AC: 22    Str: 21    XL:     12   Next: 11%
Magic:  12/12      EV: 16    Int: 19    God:    Gozag
Gold:   790        SH:  9    Dex: 16    Spells: 11/11 levels left

rFire   . . .      SeeInvis .   a - +0 trident (flame)
rCold   + . .      Faith    .   (no shield)
rNeg    + . .      Spirit   .   T - +3 scale mail
rPois   +          Reflect  +   K - +0 helmet
rElec   +          Harm     .   x - +2 ratskin cloak {*Rats rPois rN+ Str-1 Int-1 Dex+1}
rCorr   .          Rampage  .   q - +0 pair of gloves
Will    .....                   u - +4 pair of boots of the Pure Blessings {rElec Int+7}
Stlth   +.........              p - amulet of reflection
HPRegen 0.25/turn               w - +6 ring of strength
MPRegen 0.13/turn               n - ring of protection from cold

@: about to teleport, studying Short Blades, very slow
A: repulsion field 2, powered by pain 1, condensation shield
a: Renounce Religion, Potion Petition, Call Merchant, Bribe Branch


You were in an ice cave.
You worshipped Gozag.
Gozag was pleased with you.
You visited 3 branches of the dungeon, and saw 13 of its levels.
You also visited: Ice Cave.

You collected 2213 gold pieces.
You spent 1295 gold pieces at shops.
You paid 128 gold pieces to Gozag.

Inventory:

Hand Weapons
 a - a +0 trident of flaming (weapon)
 b - a +0 hand crossbow
 I - a +3 dagger of electrocution
Missiles
 f - 75 bolts
 y - 15 poisoned darts
 Q - 12 boomerangs
 U - a curare-tipped dart (quivered)
Armour
 q - a +0 pair of gloves (worn)
 u - the +4 pair of boots of the Pure Blessings (worn) {rElec Int+7}
   (You bought it in a shop on level 11 of the Dungeon)

   Int:       It affects your intelligence (+7).
   rElec:     It insulates you from electricity.
 x - the +2 ratskin cloak (worn) {*Rats rPois rN+ Str-1 Int-1 Dex+1}
   (You bought it in a shop on level 11 of the Dungeon)

   When the wearer is hurt, rats may emerge from it to assist them.
   Str:       It affects your strength (-1).
   Int:       It affects your intelligence (-1).
   Dex:       It affects your dexterity (+1).
   rPois:     It protects you from poison.
   rN:        It protects you from negative energy.
 H - a +2 cloak of stealth
 K - a +0 helmet (worn)
 T - a +3 scale mail (worn)
Jewellery
 d - an amulet of the acrobat
 n - a ring of protection from cold (right hand)
 p - an amulet of reflection (around neck)
 w - a +6 ring of strength (left hand)
 O - a ring of resist corrosion
Wands
 g - a wand of digging (8)
 j - a wand of charming (23)
 A - a wand of flame (12)
 G - a wand of polymorph (3)
 J - a wand of iceblast (12)
Scrolls
 c - a scroll of fog
 e - 2 scrolls of holy word {unknown}
 i - 3 scrolls of amnesia {unknown}
 r - a scroll of teleportation
 t - a scroll of acquirement {unknown}
 v - 3 scrolls of enchant armour {unknown}
 C - 2 scrolls of silence {unknown}
 D - 4 scrolls of enchant weapon {unknown}
 F - a scroll of fear
Potions
 h - 2 potions of ambrosia
 k - 2 potions of might {unknown}
 l - a potion of resistance
 m - 2 potions of heal wounds
 o - 3 potions of cancellation
 s - 3 potions of lignification
 z - a potion of degeneration {unknown}
 B - 2 potions of haste
 E - a potion of flight {unknown}
 L - a potion of invisibility {unknown}
 M - 3 potions of mutation
 N - a potion of brilliance {unknown}
 R - a potion of berserk rage {unknown}


   Skills:
 + Level 8.5 Fighting
 - Level 3.3 Short Blades
 + Level 7.4 Axes
 - Level 3.2(4.0) Slings
 + Level 4.3 Crossbows
 - Level 3.3(4.0) Throwing
 + Level 7.0 Armour
 + Level 7.3 Dodging
 + Level 7.4 Stealth
 + Level 7.8 Evocations


You had 11 spell levels left.
You didn't know any spells.
Your spell library contained the following spells:

 Spells                   Type           Power      Damage    Failure   Level
 Corpse Rot               Necr/Air       N/A        N/A       58%         2
 Animate Dead             Necr           0%         N/A       99%         4
 Dispel Undead            Necr           0%         3d6       99%         4
 Leda's Liquefaction      Hex/Erth       0%         N/A       99%         4
 Bolt of Magma            Conj/Fire/Erth 0%         4d4       100%        5
 Borgnjor's Vile Clutch   Necr/Erth      0%         N/A       100%        5
 Summon Forest            Summ/Tloc      0%         N/A       100%        5
 Summon Mana Viper        Hex/Summ       0%         N/A       100%        5
 Death Channel            Necr           0%         N/A       100%        6
 Shadow Creatures         Summ           N/A        N/A       100%        6
 Statue Form              Tmut/Erth      0%         N/A       100%        6


Dungeon Overview and Level Annotations

Branches:
Dungeon (11/15)            Temple (1/1) D:5            Lair (1/6) D:8
    Orc (0/2) D:11          IceCv (1/1)

Altars:
Ashenzari
Cheibriados
Elyvilon
Gozag
Hepliaklqana
Kikubaaqudgha
Makhleb
Nemelex Xobeh
Qazlal
Ru
Sif Muna
Trog
Uskayaw
Vehumet
Wu Jian
Yredelemnul
Zin
The Shining One

Shops:
D:11 ([


Innate Abilities, Weirdness & Mutations

You are surrounded by a moderate repulsion field. (EV +3)
You sometimes gain a little power by taking damage.
A meltable shield of frost defends you. (SH +4)


Message History

The anaconda simulacrum bites you but does no damage.
You swap places.
The anaconda simulacrum misses your hell rat.
The anaconda simulacrum bites your hell rat!
The anaconda simulacrum freezes your hell rat!!
Your hell rat dies!
Okay, then.
Unknown command.
Press: ? - help, v - describe, . - travel
Here: a reaper, wielding a +4 scythe of freezing The floor.
Unknown command.
Okay, then.
Unknown command.
Unknown command.
Press: ? - help, v - describe, . - travel
Here: a reaper, wielding a +4 scythe of freezing The floor.
Unknown command.
Aiming: Iceblast
Press: ? - help, Shift-Dir - straight line, f - reaper
Aim: a reaper, wielding a +4 scythe of freezing The mass of ice explodes!
The iceblast engulfs the reaper!
The reaper partially resists.
The reaper is lightly wounded.
The white imp lashes its tail.
You enter the shallow water.
Moving in this stuff is going to be slow.
The reaper hits you from afar with a +4 scythe of freezing!
The reaper freezes you.
The reaper hits you from afar with a +4 scythe of freezing!
The reaper freezes you.
The white imp grins evilly.
As you read the scroll of teleportation, it crumbles to dust.
You feel strangely unstable.
The reaper hits you from afar with a +4 scythe of freezing!!
* * * LOW HITPOINT WARNING * * *
The reaper freezes you.
You die...
Your body crumbles into a pile of gold.

##### #...# ###
#...#########Z5
####.....#..#...##
#≈#####....#.2####
#≈#≈#≈≈.#####..#
##≈25≈#≈..##..##
####@≈#≈≈≈##...###
##.≈≈############
#..### ##..##
##..# #..### $
##...## $ ###..#
#...##


You could see a reaper and a white imp.

Vanquished Creatures
  Fannar (D:9)
  A hydra (D:8)
  4 two-headed ogres
  5 skeletal warriors
  An ugly thing (D:10)
  An ice statue (IceCv)
  An unseen horror (D:10)
  2 komodo dragons
  A freezing wraith (IceCv)
  4 blink frogs
  Sigmund (D:4)
  A wyvern (D:9)
  14 yaks
  2 vampire mosquitoes (D:10)
  2 wargs (D:8)
  An acid dragon (D:9)
  2 water moccasins (D:7)
  5 orc warriors
  An ice beast (D:6)
  2 ogres (D:4)
  9 centaurs
  3 phantoms
  2 kobold brigands
  3 bullfrogs
  2 gnoll sergeants
  A scorpion (D:6)
  A cane toad simulacrum (IceCv)
  A water moccasin zombie (D:5)
  4 two-headed ogre simulacra (IceCv)
  A water moccasin skeleton (D:5)
  An elephant simulacrum (IceCv)
  3 wights (D:9)
  5 howler monkeys
  4 centaur zombies
  2 bullfrog zombies
  Crazy Yiuf (D:5)
  6 orc priests
  2 hounds
  A centaur skeleton (D:5)
  A jelly (D:7)
  A gnoll shaman (D:9)
  An iguana (D:6)
  Ijyb (D:4)
  6 orc wizards
  2 spriggan simulacra (IceCv)
  2 hound skeletons (D:4)
  21 gnolls
  9 adders
  2 white imps
  7 ufetubi
  2 worms
  4 dart slugs
  25 orcs
  4 bats
  7 endoplasms
  A giant cockroach (D:1)
  5 goblins
  3 hobgoblins
  9 jackals
  18 kobolds
  8 quokkas
  6 ball pythons
  4 frilled lizards
  6 rats
259 creatures vanquished.

Vanquished Creatures (collateral kills)
  A goblin (D:3)
1 creature vanquished.

Vanquished Creatures (others)
  3 fungi
  2 plants
5 creatures vanquished.

Grand Total: 265 creatures vanquished

Notes
Turn   | Place    | Note
-------+----------+-------------------------------------------
     0 | D:5      | flotson the Demonspawn Delver began the quest for the Orb.
     0 | D:5      | Reached XP level 1. HP: 18/18 MP: 1/1
    64 | D:4      | Noticed a phantom
    86 | D:4      | Noticed an ogre
    94 | D:4      | Noticed a hound
   476 | D:2      | Gained mutation: You are surrounded by a mild repulsion
                  | field. (EV +2) [demonic ancestry]
   476 | D:2      | Reached XP level 2. HP: 22/24 MP: 2/2
   829 | D:1      | Reached skill level 1 in Evocations
   829 | D:1      | Reached XP level 3. HP: 7/29 MP: 3/3
  1413 | D:1      | Reached skill level 1 in Armour
  1971 | D:1      | Found a faded altar of an unknown god.
  2315 | D:2      | You fall into a shaft and drop 2 floors!
  2333 | D:4      | Noticed an orc warrior
  2363 | D:3      | Reached XP level 4. HP: 15/35 MP: 4/4
  3466 | D:2      | Reached XP level 5. HP: 40/42 MP: 5/5
  3995 | D:4      | Killed a phantom
  4119 | D:4      | Reached skill level 4 in Fighting
  4195 | D:4      | Noticed Sigmund
  4290 | D:4      | Noticed Ijyb
  4310 | D:4      | Killed Ijyb
  4311 | D:4      | Reached XP level 6. HP: 10/48 MP: 6/6
  4316 | D:4      | Reached skill level 1 in Slings
  5611 | D:4      | Gained mutation: A meltable shield of frost defends you.
                  | (SH +4) [demonic ancestry]
  5611 | D:4      | Reached XP level 7. HP: 16/55 MP: 7/7
  7684 | D:5      | Reached XP level 8. HP: 38/61 MP: 8/8
  7810 | D:5      | Found a staircase to the Ecumenical Temple.
  7899 | Temple   | Entered the Ecumenical Temple
  7938 | Temple   | Became a worshipper of Gozag Ym Sagoz the Greedy
  8112 | D:5      | Found a sparkling altar of Nemelex Xobeh.
  8223 | D:5      | Found a runed translucent door.
  8224 | D:5      | Noticed Crazy Yiuf
  8239 | D:5      | Killed Crazy Yiuf
  8755 | D:4      | Killed Sigmund
  8756 | D:4      | Reached skill level 5 in Fighting
 10020 | D:6      | Reached skill level 1 in Throwing
 10570 | D:7      | Found an ancient bone altar of Kikubaaqudgha.
 10618 | D:7      | Reached XP level 9. HP: 45/69 MP: 9/9
 10961 | D:7      | Identified the +1 robe of Hashrez {Drain +Blink +Inv
                  | Will++}
 11259 | D:6      | Reached skill level 5 in Dodging
 11606 | D:7      | Reached skill level 5 in Axes
 11606 | D:7      | Reached skill level 5 in Evocations
 11660 | D:7      | Reached skill level 6 in Fighting
 12393 | D:8      | Found a stormy altar of Qazlal.
 12452 | D:8      | Reached skill level 1 in Short Blades
 12682 | D:8      | Found a staircase to the Lair.
 13247 | D:8      | Found a faded altar of an unknown god.
 13254 | D:8      | Found an ornate altar of the Wu Jian Council.
 13256 | D:8      | Found a sacrificial altar of Ru.
 13258 | D:8      | Found a faded altar of an unknown god.
 13508 | D:8      | Reached skill level 5 in Stealth
 14113 | D:7      | Reached skill level 5 in Armour
 14113 | D:7      | Reached XP level 10. HP: 25/77 MP: 10/10
 14615 | D:9      | Found a snail-covered altar of Cheibriados.
 16125 | D:10     | Entered Level 10 of the Dungeon
 16125 | D:10     | Noticed a two-headed ogre
 16180 | D:10     | Noticed a skeletal warrior
 16221 | D:10     | Noticed a skeletal warrior
 16221 | D:10     | Noticed a skeletal warrior
 16265 | Lair:1   | Entered Level 1 of the Lair of Beasts
 16269 | Lair:1   | Noticed a four-headed hydra
 16666 | D:10     | Noticed a two-headed ogre
 16815 | D:9      | Reached skill level 1 in Crossbows
 16823 | D:9      | Reached skill level 7 in Fighting
 17258 | D:10     | Killed a two-headed ogre
 17289 | D:10     | Noticed a two-headed ogre
 17362 | D:9      | Killed a two-headed ogre
 17570 | D:10     | Noticed a skeletal warrior
 17577 | D:10     | Killed a skeletal warrior
 17578 | D:10     | Gained mutation: You sometimes gain a little power by
                  | taking damage. [demonic ancestry]
 17578 | D:10     | Reached XP level 11. HP: 74/84 MP: 11/11
 17584 | D:10     | Killed a skeletal warrior
 17712 | D:10     | Noticed a skeletal warrior
 17901 | D:10     | Noticed Fannar
 17919 | D:9      | Killed Fannar
 17989 | D:9      | Killed a skeletal warrior
 18000 | D:9      | Killed a skeletal warrior
 18466 | D:10     | Noticed a two-headed ogre
 18720 | D:9      | Killed a two-headed ogre
 19416 | D:8      | Killed a four-headed hydra
 19417 | D:8      | Reached skill level 8 in Fighting
 21015 | D:10     | Killed a skeletal warrior
 21036 | D:10     | Killed a two-headed ogre
 21242 | D:11     | Noticed a green ugly thing
 21262 | D:10     | Killed a green ugly thing
 21573 | D:11     | Gained mutation: You are surrounded by a moderate repulsion
                  | field. (EV +3) [demonic ancestry]
 21573 | D:11     | Reached XP level 12. HP: 81/94 MP: 12/12
 21582 | D:11     | Found Onim's Armour Shoppe.
 21582 | D:11     | Found a staircase to the Orcish Mines.
 21582 | D:11     | Found Demanop's Weapon Shoppe.
 21631 | D:11     | Bought the +4 pair of boots of the Pure Blessings {rElec
                  | Int+7} for 851 gold pieces
 21631 | D:11     | Bought the +2 ratskin cloak {*Rats rPois rN+ Str-1 Int-1
                  | Dex+1} for 444 gold pieces
 21631 | D:11     | Found the +2 ratskin cloak {*Rats rPois rN+ Str-1 Int-1
                  | Dex+1}
 21676 | D:11     | Found a frozen archway.
 21683 | IceCv    | Entered an ice cave
 24628 | IceCv    | Noticed a reaper
 24658 | IceCv    | HP: 1/94 [reaper (32)]
 24658 | IceCv    | Slain by a reaper

Illustrated notes

Levels and vault maps discovered:
D:1:      psy_arrival_whirlpool, layout_basic,
          dreamdust_ecumenical_altar_hidden_monk_grotto, minmay_split_cup_large
D:2:      layout_basic
D:3:      layout_basic
D:4:      layout_cave_pods, uniq_ijyb, uniq_sigmund
D:5:      layout_basic, lemuel_coloured_pillars_altar, lemuel_doored_altar,
          temple_statues, minivault_25, minmay_manual_maat,
          uniq_crazy_yiuf_cottage
D:6:      layout_gridville
D:7:      layout_rooms, kennysheep_little_box, minmay_misc_feat_cross
D:8:      layout_cave_pools, nicolae_qazlal_style_of_elements,
          chequers_temple_overflow_minitemple, erik_lair_orcish_takeover,
          serial_co_window_serial, co_window_paths_a, co_window_paths_b,
          co_window_cross_1, co_window_paths_a, co_window_of_opportunity_a,
          co_window_2corner, co_window_unsneaky_path_e, co_window_2corner,
          co_window_broadway_b, co_window_broadway_a,
          co_window_of_opportunity_c, co_window_paths_e, glass_columns_a,
          glass_columns_a, glass_columns_c, glass_columns_a
D:9:      layout_roguey, overflow_temple_1_default
D:10:     layout_gridville, uniq_fannar
D:11:     layout_basic, orc_david_3, portal_ice_cave_entry_pillars_2
Temple:   nicolae_temple_great_sept
Lair:1:   layout_loops_ring
IceCv:    ice_cave_caverns_03

Skill      XL: |  1  2  3  4  5  6  7  8  9 10 11 12 |
---------------+-------------------------------------+-----
Axes           | 2 3 4 5 6 7 |  7.4
Dodging        | 2 3 4 5 6 7 |  7.3
Evocations     | 1 2 3 4 5 6 7 |  7.8
Armour         | 1 2 3 4 5 6 7 |  7.0
Fighting       | 4 5 6 7 8 |  8.5
Slings         | 1 2 3 |  3.2
Throwing       | 1 3 |  3.3
Short Blades   | 2 3 |  3.3
Stealth        | 5 6 7 |  7.4
Crossbows      | 2 4 |  4.3

Action                   |  1- 3 |  4- 6 |  7- 9 | 10-12 || total
-------------------------+-------+-------+-------+-------++-------
Melee: Hand axe          |   161 |   108 |       |       ||   269
       Morningstar       |       |    62 |   166 |       ||   228
       Quarterstaff      |       |       |   186 |       ||   186
       Unarmed           |       |       |     3 |       ||     3
       Dagger            |       |       |   169 |   378 ||   547
       Trident           |       |       |       |   409 ||   409
 Fire: Hunting sling     |       |    71 |    88 |   131 ||   290
       Hand crossbow     |       |       |       |   173 ||   173
Throw: Dart              |       |     9 |    14 |    11 ||    34
       Throwing net      |       |       |     1 |     4 ||     5
Evoke: Wand              |     1 |     2 |     2 |    20 ||    25
  Use: Scroll            |     2 |       |     6 |     6 ||    14
       Potion            |     1 |       |     2 |     2 ||     5
 Stab: Sleeping          |     3 |     1 |       |       ||     4
       Held in net/web   |       |       |       |     4 ||     4
       Distracted        |       |       |       |     1 ||     1
Armor: Leather armour    |     4 |       |       |       ||     4
       Scale mail        |    59 |    69 |    16 |   290 ||   434
       Chain mail        |       |       |   260 |       ||   260
Dodge: Dodged            |   130 |   156 |   225 |   575 ||  1086
Block: Other             |    28 |    56 |   289 |   273 ||   646
       Reflection        |     1 |     3 |     9 |     5 ||    18

Table legend: (Time is in decaauts)
 A = Elapsed time spent in this place.
 B = Non-inter-level travel time spent in this place.
 C = Inter-level travel time spent in this place.
 D = Time resting spent in this place.
 E = Time spent auto-exploring this place.
 F = Levels seen in this place.
 G = Mean time per level.
                   A        B        C        D        E       F      G
               +--------+--------+--------+--------+--------+-----+--------+
         Total |  24971 |  23649 |   1322 |   4944 |  14109 |  14 | 1783.6 |
       Dungeon |  21246 |  19946 |   1300 |   3362 |  12975 |  11 | 1931.5 |
        Temple |     49 |     39 |     10 |      0 |     37 |   1 |   49.0 |
          Lair |    622 |    611 |     11 |      0 |    471 |   1 |  622.0 |
      Ice Cave |   3052 |   3052 |      0 |   1582 |    625 |   1 | 3052.0 |
               +--------+--------+--------+--------+--------+-----+--------+

Top non-repeatable levels by time:
     D:8: 3478 daAuts
     D:9: 3438 daAuts
   IceCv: 3052 daAuts
     D:4: 2896 daAuts
     D:5: 1986 daAuts
     D:7: 1685 daAuts
     D:3: 1663 daAuts
     D:1: 1618 daAuts
     D:2: 1490 daAuts
    D:10: 1457 daAuts
     D:6: 1326 daAuts
  Lair:1: 622 daAuts
    D:11: 205 daAuts
  Temple: 49 daAuts
